 Dungeon Crawl Stone Soup version 0.27.1-34-g3ba077fa99 (webtiles) character file.

Game seed: 5490288562211679130

32 belegose the Skirmisher (level 3, 0/31 HPs)
             Began as a Draconian Abyssal Knight on Jan 10, 2022.
             Was a Follower of Lugonu.
             Slain by Terence (7 damage)
             ... on level 2 of the Dungeon.
             The game lasted 00:02:41 (1651 turns).

belegose the Skirmisher (Draconian Abyssal Knight)  Turns: 1651, Time: 00:02:42

Health: 0/31       AC:  5    Str: 14    XL:     3   Next: 8%
Magic:  4/4        EV: 12    Int: 13    God:    Lugonu [*.....]
Gold:   116        SH:  0    Dex: 10    Spells: 2/2 levels left

rFire    . . .     SeeInvis .   j - +0 long sword
rCold    . . .     Faith    .   (no shield)
rNeg     . . .     Spirit   .   (armour unavailable)
rPois    .         Reflect  .   (helmet restricted)
rElec    .         Harm     .   (no cloak)
rCorr    .         Rampage  .   (no gloves)
Will     .....                  (no boots)
Stlth    +.........             (no amulet)
HPRegen  0.10/turn              (no ring)
MPRegen  0.09/turn              (no ring)

@: no status effects
A: AC +5, unfitting armour, cold-blooded
a: Renounce Religion, Depart the Abyss


You were on level 2 of the Dungeon.
You worshipped Lugonu.
Lugonu was aware of your devotion.
You visited 1 branch of the dungeon, and saw 2 of its levels.
You visited the Abyss 1 time.

You collected 116 gold pieces.

Inventory:

Hand Weapons
 j - a +0 long sword (weapon)
Missiles
 b - 20 sling bullets
 c - 75 stones
 i - 9 poisoned darts
Scrolls
 a - a scroll of amnesia {unknown}
 d - 2 scrolls of brand weapon {unknown}
 e - a scroll of magic mapping {unknown}
 f - a scroll of torment {unknown}
 k - a scroll of teleportation {unknown}
Potions
 g - a potion of lignification {unknown}
 h - a potion of curing {unknown}


   Skills:
 + Level 3.6 Fighting
 + Level 2.5 Long Blades
 + Level 2.5 Dodging
 + Level 2.5 Invocations


You had 2 spell levels left.
You didn't know any spells.
Your spell library was empty.

Dungeon Overview and Level Annotations

Branches:
Dungeon (2/15)

Altars:

Annotations:
D:2 Terence


Innate Abilities, Weirdness & Mutations

Your plain brown scales are hard. (AC +5)
You cannot fit into any form of body armour.
You are cold-blooded and may be slowed by cold attacks.


Message History

Terence barely misses you.
You riposte.
You hit Terence but do no damage. You tail-slap Terence.
Terence is lightly wounded.
You closely miss Terence.
Terence is lightly wounded.
Terence says, "How do you enjoy it?" Terence hits you with a +0 short sword!
You hit Terence.
Your tail-slap misses Terence.
Terence is moderately wounded.
Terence shouts, "Get ready for death!"
Terence hits you with a +0 short sword.
You hit Terence but do no damage.
Terence is moderately wounded.
Terence hits you with a +0 short sword. x2
You hit Terence.
Terence is heavily wounded.
Terence barely misses you.
You hit Terence but do no damage.
Terence is heavily wounded.
Terence hits you with a +0 short sword.
You hit Terence.
Your tail-slap misses Terence.
Terence is heavily wounded.
Terence hits you with a +0 short sword. Terence shouts, "Now you die!"
Terence barely misses you.
You hit Terence.
Terence is severely wounded.
Terence hits you with a +0 short sword.
* * * LOW HITPOINT WARNING * * *
You hit Terence but do no damage.
Terence is severely wounded.
Terence closely misses you.
You riposte.
You hit Terence but do no damage.
Terence is severely wounded.
You hit Terence but do no damage.
Terence is severely wounded.
Terence barely misses you.
You hit Terence but do no damage.
Terence is severely wounded.
Terence hits you with a +0 short sword!
You die...

#.# #.........# #.#.#.#.# #.#
#....###.####### #.#.#.#.# #.#
##.#.###.#.....###.#.#.#.# #.#
#.#.....#.....†...#...#.#
#.#####.#...###.....#########.#
#.......#)#.# #.....# ..#
#########.#.# #.....# #.#.#
#.....# #.#.# ##@####
#.#......@......
#........######. ##########


You could see Terence.

Vanquished Creatures
  A worm (D:2)
  3 ball pythons
  4 bats
  3 endoplasms
  3 giant cockroaches
  A goblin (D:2)
  2 hobgoblins
  2 jackals (D:1)
  2 kobolds (D:2)
  5 frilled lizards
26 creatures vanquished.

Notes
Turn   | Place    | Note
-------+----------+-------------------------------------------
     0 | Abyss:1  | belegose the Draconian Abyssal Knight began the quest for
                  | the Orb.
     0 | Abyss:1  | Reached XP level 1. HP: 19/19 MP: 2/2
    45 | Abyss:1  | Noticed a large abomination
    47 | D:1      | Escaped the Abyss
   138 | D:1      | Found a faded altar of an unknown god.
   341 | D:1      | Reached XP level 2. HP: 26/26 MP: 3/3
   567 | D:1      | Reached * piety under Lugonu
  1472 | D:2      | Reached XP level 3. HP: 31/31 MP: 4/4
  1638 | D:2      | Noticed Terence
  1651 | D:2      | Slain by Terence

Illustrated notes

Levels and vault maps discovered:
D:1:      minmay_arrival_arboretum_small, layout_loops_ring,
          basic_ecumenical_altar
D:2:      layout_basic, minmay_between, uniq_terence

Action                   || total
-------------------------++-------
Melee: Falchion          ||    81
       Tailslap          ||    14
       Long sword        ||    16
Invok: Depart the Abyss  ||     1
Armor: Skin              ||    28
Dodge: Dodged            ||    70
       Rpst.: Falchion   ||    18
       Long sword        ||     6
